 Dungeon Crawl Stone Soup version 0.31-a0-1612-g4aaf141004 (webtiles) character file.

Game seed: 12693081540768205411

35 MisterAzrael the Ruffian (level 3, -5/27 HPs)
             Began as a Djinni Shapeshifter on Jan 10, 2024.
             Slain by a ribbon worm (6 damage)
             ... on level 2 of the Dungeon.
             The game lasted 00:00:59 (1105 turns).

MisterAzrael the Ruffian (Djinni Shapeshifter)      Turns: 1105, Time: 00:01:00

Health: -5/27      AC:  2    Str: 15    XL:     3   Next: 52%
Gold:   0          EV: 12    Int: 11    God:
                   SH:  0    Dex: 12

rFire   + +          .
                       - Unarmed
rCold   x . .        (no shield)
rNeg    . . .        a - +0 animal skin
rPois   ∞            (helmet currently unavailable)
rElec   .            (cloak currently unavailable)
rCorr   .            (gloves currently unavailable)
SInv    .            (boots unavailable)
Will    .....        (no amulet)
Stlth   +            (no ring)
HPRegen 0.24/turn    (no ring)
MPRegen 0.00/turn

%: infuse magic (-6 HP)
@: beast-form, flying
A: beast (slay +1), flying, sickness immunity, fire resistance 2, cold
vulnerability 1, float, innate caster, HP casting, extra vitality 1
a: Begin Untransformation


You were on level 2 of the Dungeon.
You were a hulking beast.
You visited 1 branch of the dungeon, and saw 2 of its levels.

Inventory:

Armour
 a - a +0 animal skin (worn)
Talismans
 c - a beast talisman
 d - a flux talisman
Scrolls
 e - a scroll of revelation {unknown}
 g - 3 scrolls of fog {unknown}
Potions
 b - a potion of lignification
 f - a potion of berserk rage {unknown}


   Skills:
 + Level 1.5 Fighting
 - Level 2.1 Dodging
 + Level 3.2 Unarmed Combat
 + Level 0.0 Spellcasting
 + Level 0.0 Conjurations
 + Level 0.0 Hexes
   Level 0.0 Charms
 + Level 0.0 Summonings
 + Level 0.0 Necromancy
 + Level 0.0 Translocations
   Level 0.0 Transmutations
 + Level 0.0 Fire Magic
 + Level 0.0 Ice Magic
 + Level 0.0 Air Magic
 + Level 0.0 Earth Magic
 + Level 0.0 Alchemy
 * Level 3.1 Shapeshifting


You knew the following spells:

 Your Spells              Type           Power      Damage    Failure   Level
a - Necrotise             Necr           0%         1d4       34%         1
Your spell library was empty.

Dungeon Overview and Level Annotations

Branches:
Dungeon (2/15)

Altars:


Innate Abilities, Weirdness & Mutations

You are a hulking beast.
Your limbs bulge with bestial killing power. (Slay +1)
You are flying.
You are immune to sickness and miasma.
You are immune to poison.
Your flesh is very heat resistant. (rF++)
You are vulnerable to cold. (rC-)
You float through the air rather than walking.
You learn spells naturally, not from books.
Your magical power is your life essence.
You have superior vitality. (+4 MHP)


Message History

The adder bites you. The adder barely misses you.
You barely miss the adder.
The adder is heavily wounded.
The adder bites you but does no damage.
You barely miss the adder.
The adder is heavily wounded.
The adder bites you.
* * * LOW HITPOINT WARNING * * *
You closely miss the adder.
The adder is heavily wounded.
The adder closely misses you.
You miss the adder.
The adder is heavily wounded.
The adder closely misses you. The adder bites you but does no damage.
You punch the adder!
You kill the adder!
You barely miss the ribbon worm. The ribbon worm bites you.
* * * LOW HITPOINT WARNING * * *
You hit the ribbon worm.
The ribbon worm is moderately wounded.
The ribbon worm barely misses you.
You barely miss the ribbon worm.
The ribbon worm is lightly wounded.
You hit the ribbon worm.
The ribbon worm is moderately wounded.
The ribbon worm barely misses you.
You are too injured to fight recklessly!
Aiming: Necrotise (safe; 34% risk of failure)
Press: ? - help, Q - select action Shift-Dir - straight line, f - ribbon worm
Aim: a ribbon worm (moderately wounded, chance to affect: 41%)
The ribbon worm resists with some effort.
* * * LOW HITPOINT WARNING * * *
The ribbon worm bites you.
You die...

##### .. ....
#. ..<##. $.$..
##... ... #.#
#h# #w# #.#
..#####.#######
..........†..<#
........#######
.#......#
#.?....#
#......#


You could see a ribbon worm.

Vanquished Creatures
  An adder (D:2)
  3 endoplasms
  4 goblins (D:1)
  A hobgoblin (D:1)
  2 kobolds (D:1)
  2 quokkas
  4 ball pythons (D:1)
  4 bats (D:1)
  2 frilled lizards (D:1)
  A rat (D:1)
24 creatures vanquished.

Notes
Turn   | Place    | Note
-------+----------+-------------------------------------------
     0 | D:1      | MisterAzrael the Djinni Shapeshifter began the quest for
                  | the Orb.
     0 | D:1      | Reached XP level 1. HP: 17/17 MP: 0/0
   242 | D:1      | Reached XP level 2. HP: 22/22 MP: 0/0
   645 | D:1      | Reached XP level 3. HP: 11/27 MP: 0/0
   645 | D:1      | Learned a level 1 spell: Necrotise
  1105 | D:2      | Slain by a ribbon worm

Illustrated notes

Levels and vault maps discovered:
D:1:      evilmike_arrival_hilbert_curve, layout_loops_corners
D:2:      layout_basic, shapermc_ecumenical_altar_notcrosses

Skill      XL: |  1  2 |
---------------+-------+-----
Shapeshifting  | 3 |  3.1
Fighting       | |  1.5
Dodging        | |  2.1
Unarmed Combat | |  3.2

Action                     || total
---------------------------++-------
  Melee: Unarmed           ||    74
         Punch             ||     1
   Cast: Necrotise         ||     5
   Stab: Sleeping          ||     2
 Armour: Animal skin       ||    48
  Dodge: Dodged            ||    58

Table legend: (Time is in decaauts)
 A = Elapsed time spent in this place.
 B = Non-inter-level travel time spent in this place.
 C = Inter-level travel time spent in this place.
 D = Time resting spent in this place.
 E = Time spent auto-exploring this place.
 F = Levels seen in this place.
 G = Mean time per level.
                   A        B        C        D        E       F      G
               +--------+--------+--------+--------+--------+-----+--------+
         Total |   1101 |   1080 |     21 |    160 |    750 |   2 |  550.5 |
       Dungeon |   1101 |   1080 |     21 |    160 |    750 |   2 |  550.5 |
               +--------+--------+--------+--------+--------+-----+--------+

Top non-repeatable levels by time:
     D:1: 1060 daAuts
     D:2: 41 daAuts
